Unix NetHack Version 5.0.0-0 post-release - last build Jun 10 2026 00:39:30 (3ee93aec679c4c4259841fe613dc97188e26a321,branch:main).

Game began 2026-07-11 03:52:55, ended 2026-07-11 04:24:19.

BATTLEMODE, chaotic female elven Wizard

                      ------
                      |....|
                     #-(....########  ------        ---------------
                     #|...<|       #  |....|        |.............|
                     #|.....##     #  |..s.|        |.........d@f.|
                     #------ #     ###|...`.#       -----------.---
                     #       ##      #.....|#               #####
  -------            #        #      #|....|####         ####
  |.....|            #        ####    ------   ##       ##
  |.*...-###         #           #            # #     ###
  |.....|  ##        #           #              # --.-|---
  |.....|   ###      #           #%             ##-......|
  |......#    ###[####            #-----       #  |......|
  |.....|#    -------#            #.....          |....(.|
  -------###  |.....|#             |...|          |......|
           ###-...>.|##############-...-          --------
              |.....+#             -----
              -------

BATTLEMODE the Conjurer   St:12 Dx:11 Co:13 In:20 Wi:11 Ch:10  Chaotic
Dlvl:4  $:17 HP:0(18) Pw:36(36) AC:9  Xp:3 T:1394 

Latest messages:
 You finish eating the hobgoblin corpse.
 You stop.  Guts is in the way!
 The grid bug bites!
 You get zapped!
 You miss the grid bug.
 The grid bug bites!
 You get zapped!
 You kill the grid bug!
 You swap places with Guts.
 You find a hidden passage.
 The door opens.
 You miss the lichen.
 You kill the lichen!
 You destroy the gnome zombie!
 You see here a gnome corpse.
 You kill the green mold!
 You see here a green mold corpse.
 There is a green mold corpse here; eat it? [ynq] (n) y
 You have a very bad case of stomach acid.
 You finish eating the green mold corpse.
 There's some graffiti on the floor here.
 You read: "^lways attack a flo?ting  yc f?om bch?nc!"
 There's some graffiti on the floor here.
 You read: "^lways attack a flo?ting  yc f?om bch?nc!"
 You find a hidden passage.
 You hear a jackal howling at the moon.
 You see here a large box.
 Hmmm, the large box turns out to be locked.
 The door opens.
 The giant rat bites!
 You kill the giant rat!
 You see here a giant rat corpse.
 There is a giant rat corpse here; eat it? [ynq] (n) y
 This giant rat corpse is stringy.
 You finish eating the giant rat corpse.
 You swap places with Guts.
 You see here a chest.
 You swap places with Guts.
 You miss the werejackal.
 The werejackal bites!
 You miss the werejackal.
 The werejackal bites!
 You miss the werejackal.
 The werejackal bites!
 You die...
 Do you want your possessions identified? [ynq] (y) y
 Do you want to see your attributes? [ynq] (y) n
 Do you want an account of creatures vanquished? [ynaq] (y) n
 Do you want to see your conduct and achievements? [ynq] (y) n
 Do you want to see the dungeon overview? [ynq] (y) n

Inventory:
 Coins    ('$')
  $ - 17 gold pieces
 Weapons  (')')
  a - a blessed +1 quarterstaff (weapon in hands)
 Armor    ('[')
  b - an uncursed +0 cloak of magic resistance (being worn)
 Scrolls  ('?')
  q - an uncursed scroll of charging named Enchant Armor, Remove Curse
  i - 2 uncursed scrolls of food detection
  j - 2 uncursed scrolls of light
 Potions  ('!')
  h - an uncursed potion of extra healing
  g - a blessed potion of fruit juice
  p - an uncursed potion of healing
  f - a blessed potion of sleeping
 Rings    ('=')
  e - an uncursed +1 ring of gain constitution (on left hand)
  d - an uncursed +1 ring of gain strength (on right hand)
 Wands    ('/')
  c - a wand of make invisible (0:7)
 Tools    ('(')
  o - an uncursed bell
  n - an uncursed blindfold
  m - a magic marker (0:20)
  t - a tinning kit (0:57)
 Gems/Stones  ('*')
  u - an uncursed worthless piece of black glass
  s - an uncursed worthless piece of white glass

BATTLEMODE the Wizard's attributes:

Background:
 You were a Conjurer, a level 3 female elven Wizard.
 You were chaotic, nominally on a mission for Anhur
 who was opposed by Ptah (lawful) and Thoth (neutral).
 You were right-handed.
 You were in the Dungeons of Doom, on level 4.
 You entered the dungeon 1394 turns ago.
 It was nighttime.
 You had 60 experience points, 20 more were needed to attain level 4.

Basics:
 You had 0 out of 18 hit points.
 You had all 36 energy points (spell power).
 Your armor class was 9.
 Your wallet contained 17 zorkmids.
 Autopickup was off.

Final Characteristics:
 Your strength was 12 (base:11, limit:18).
 Your dexterity was 11 (limit:18).
 Your constitution was 13 (base:12, limit:16).
 Your intelligence was 20 (limit:20).
 Your wisdom was 11 (limit:20).
 Your charisma was 10 (limit:18).

Final Status:
 You weren't hungry.
 You were unencumbered.
 You were wielding a quarterstaff.
 You had basic skill with quarterstaff.

Final Attributes:
 You were devoutly aligned.
 You were magic-protected.
 You had infravision.
 You would have confused monsters when hitting them.
 You were warded.
 You are dead.

Miscellaneous:
 You didn't encounter any bones levels.
 Total elapsed playing time was 26 minutes and 41 seconds.

Major events:
 Turn
    1: BATTLEMODE the chaotic female elven Wizard entered the dungeon
  877: attained the rank of Conjurer (level 3)
 1394: killed by a werejackal

Spells:
 Name                 Level Category     Fail Retention
 force bolt             1   attack         0%  91%-100%
 healing                1   healing        0%  76%-100%
 charm monster          5   enchantment   76%  91%-100%
 dig                    5   matter        98%  76%-100%

Skills:
 Fighting Skills
   bare handed combat [Unskilled]
   riding             [Unskilled]
 Weapon Skills
   dagger             [Unskilled]
   knife              [Unskilled]
   axe                [Unskilled]
   short sword        [Unskilled]
   club               [Unskilled]
   mace               [Unskilled]
   quarterstaff       [Basic]
   polearms           [Unskilled]
   spear              [Unskilled]
   trident            [Unskilled]
   sling              [Unskilled]
   dart               [Unskilled]
   shuriken           [Unskilled]
 Spellcasting Skills
   attack spells      [Basic]
   healing spells     [Unskilled]
   divination spells  [Unskilled]
   enchantment spells [Basic]
   clerical spells    [Unskilled]
   escape spells      [Unskilled]
   matter spells      [Unskilled]

Voluntary challenges:
 Character rerolling was not enabled.
 You were an atheist.
 You never genocided any monsters.
 You never polymorphed an object.
 You never changed form.
 You used no wishes.
Achievements:
 You entered a shop.
 You attained the rank of Conjurer.

 The Dungeons of Doom: levels 1 to 4
    Level 1: "spell books"
    Level 2:
       A general store, a fountain.
    Level 3:
       A general store, a fountain.
    Level 4: <- You were here.
       Final resting place for
          you, killed by a werejackal.


Vanquished creatures:
  a hobgoblin
  a giant rat
  a green mold
  a gnome zombie
  2 jackals
  2 foxes
  a kobold
  a goblin
  2 sewer rats
  3 grid bugs
  8 lichens
  a kobold zombie
  2 newts
26 creatures vanquished.

No species were genocided or became extinct.

Game over:
                       ----------
                      /          \
                     /    REST    \
                    /      IN      \
                   /     PEACE      \
                  /                  \
                  |    BATTLEMODE    |
                  |      17 Au       |
                  |   killed by a    |
                  |    werejackal    |
                  |                  |
                  |                  |
                  |       2026       |
                 *|     *  *  *      | *
        _________)/\\_//(\/(/\)/\//\/|_)_______

Goodbye BATTLEMODE the Wizard...

You died in The Dungeons of Doom on dungeon level 4 with 426 points,
and 17 pieces of gold, after 1394 moves.
You were level 3 with a maximum of 18 hit points when you died.

